 Dungeon Crawl Stone Soup version 0.21-a0-348-ga060c75 (webtiles) character file.

1986 Hasart the Cutter (level 9, -3/65 HPs)
             Began as a Mummy Fighter on Oct 6, 2017.
             Was an Initiate of Gozag.
             Slain by an orc warrior
             ... wielding a +0 trident
              (8 damage)
             ... on level 7 of the Dungeon.
             The game lasted 00:14:00 (7179 turns).

Hasart the Cutter (Mummy Fighter)                   Turns: 7179, Time: 00:14:00

Health: -3/65      AC: 13    Str: 27    XL:     9   Next: 1%
Magic:  9/9        EV: 11    Int:  7    God:    Gozag
Gold:   496        SH: 10    Dex: 16    Spells: 8/8 levels left

rFire    x . .     SeeInvis +   o - +7 short sword "Dokas" {freeze, rElec Str+4}
rCold    + . .     Gourm    .   c - +0 shield
rNeg     + + +     Faith    .   A - +0 plate armour
rPois    ∞         Spirit   .   (no helmet)
rElec    +         Reflect  .   (no cloak)
rCorr    .         Harm     .   l - +1 pair of gloves
MR       +....     Rnd*Tele +   (no boots)
Stlth    ..........             (no amulet)
HPRegen  0.20/turn              d - ring of see invisible
MPRegen  0.11/turn              t - ring of teleportation (curse)

@: agile, very slightly contaminated, slowed, very slow
A: no food or potions, fire vulnerability, cold resistance 1, negative energy
resistance 3, torment resistance, unbreathing
a: Potion Petition, Call Merchant, Bribe Branch, Renounce Religion


You were on level 7 of the Dungeon.
You worshipped Gozag.
Gozag was aware of your devotion.
You were not hungry.

You visited 1 branch of the dungeon, and saw 7 of its levels.
You also visited: Ossuary.

You collected 986 gold pieces.
You paid 490 gold pieces to Gozag.

Inventory:

Hand Weapons
 o - the +7 short sword "Dokas" (weapon) {freeze, rElec Str+4}
   (You found it on level 4 of the Dungeon)

   It has been specially enchanted to freeze those struck by it, causing extra
   injury to most foes and up to half again as much damage against particularly
   susceptible opponents.
   It can also slow down cold-blooded creatures.
   It affects your strength (+4).
   It insulates you from electricity.
Missiles
 a - 2 throwing nets
 e - 12 javelins (quivered)
 g - 4 silver javelins
Armour
 c - a +0 shield (worn)
 l - a +1 pair of gloves (worn)
 A - a +0 plate armour (worn)
Jewellery
 d - a ring of see invisible (left hand)
 q - an uncursed ring of wizardry
 r - an uncursed ring of magical power
 s - an uncursed ring of ice
 t - a cursed ring of teleportation (right hand)
Wands
 p - a wand of confusion (48/48)
Scrolls
 b - 2 scrolls of magic mapping
 f - 8 scrolls of identify
 h - 7 scrolls of teleportation
 i - 5 scrolls of blinking
 j - 2 scrolls of enchant weapon
 k - a scroll of amnesia
 m - 2 scrolls of remove curse
 u - 2 scrolls of enchant armour
 v - a scroll of torment {unknown}
 w - a scroll of fog {unknown}
 x - 2 scrolls of recharging
 y - a scroll of immolation {unknown}
Books
 z - a book of Maledictions

   Spells                             Type                      Level
   a - Corona                         Hexes                        1
   b - Ensorcelled Hibernation        Hexes/Ice                    2
   c - Confuse                        Hexes                        3
   d - Tukima's Dance                 Hexes                        3
   e - Dazzling Spray                 Conjuration/Hexes            3


   Skills:
 + Level 4.1 Fighting
 + Level 6.5 Short Blades
   Level 5.1 Maces & Flails
 + Level 2.2 Throwing
 + Level 3.3 Armour
 + Level 2.0 Dodging
 + Level 3.2 Shields


You had 8 spell levels left.
You didn't know any spells.

Dungeon Overview and Level Annotations

Branches:
Dungeon (7/15)             Temple (0/1) D:5

Altars:
Ashenzari
Cheibriados
Elyvilon
Gozag
Kikubaaqudgha
Nemelex Xobeh
Uskayaw
Vehumet
Xom
Yredelemnul
The Shining One

Shops:
D:6 (


Innate Abilities, Weirdness & Mutations

You do not eat or drink.
Your flesh is vulnerable to fire.
You are immune to poison.
Your flesh is cold resistant. (rC+)
You are immune to negative energy. (rN+++)
You are immune to unholy pain and torment.
You can survive without breathing.


Message History

You flicker for a moment.
The orc warrior barely misses you.
Unknown command.
You puncture the orc warrior! You freeze the orc warrior.
The orc warrior is moderately wounded.
You block the orc's attack.
The orc warrior hits you with a trident!
* * * LOW HITPOINT WARNING * * *
Unknown command.
The orc warrior closely misses you. The sky beast barely misses you.
The orc hits you but does no damage.
There is a stone staircase leading down here.
The sky beast closely misses you.
Things that are here:
4 gold pieces; a dagger; a robe You flicker back into view.
You block the orc's attack.
The orc warrior hits you from afar with a trident!
You die...
Your body crumbles into a pile of gold.

#............#
....Z........# #
...$.........###
..............#.
#.............#.
.#........##....
#####.##.......###.).
###...#.###.....##
#...
##..$oo@.####...##
#... #...§>Y...#
##.## #...
########### ## ##..
##. ##


You could see an orc warrior, a sky beast and an orc.

Vanquished Creatures
  Sigmund (D:2)
  A wraith (Ossuary)
  The ghost of Hasart the Cutter, an amateur HaAK of Lugonu (D:3)
  An ice beast (D:6)
  An orc warrior (D:3)
  A necrophage (D:5)
  2 phantoms
  2 ogres
  A centaur (D:7)
  3 scorpions
  3 crimson imps
  A quasit (D:3)
  A hound (D:5)
  A bullfrog skeleton (D:5)
  2 jellies (D:6)
  A centaur skeleton (D:4)
  An iguana (D:6)
  A worker ant (D:5)
  3 orc wizards
  2 mummies
  A hound skeleton (D:6)
  Robin (D:2)
  3 gnolls (D:5)
  9 adders
  A shadow imp (D:5)
  An ooze (D:1)
  An adder zombie (D:5)
  5 worms
  A dart slug (D:2)
  A leopard gecko (D:6)
  19 orcs
  13 goblins
  7 hobgoblins
  5 kobolds
  A ball python (D:6)
  2 bats (D:2)
  7 frilled lizards
  8 gnoll skeletons (Ossuary)
  7 kobold skeletons (Ossuary)
  A leopard gecko skeleton (D:4)
  10 orc skeletons (Ossuary)
  9 rats
143 creatures vanquished.

Notes
Turn   | Place    | Note
-------+----------+-------------------------------------------
     0 | D:1      | Hasart the Mummy Fighter began the quest for the Orb.
     0 | D:1      | Reached XP level 1. HP: 18/18 MP: 1/1
   472 | D:1      | Reached XP level 2. HP: 24/24 MP: 2/2
   910 | D:2      | Reached XP level 3. HP: 26/29 MP: 3/3
   925 | D:2      | Reached skill level 1 in Throwing
  1470 | D:2      | Found a sparkling altar of Nemelex Xobeh.
  1526 | D:2      | Noticed Robin
  1539 | D:2      | Killed Robin
  1539 | D:2      | Reached XP level 4. HP: 16/35 MP: 4/4
  2043 | D:2      | Noticed Sigmund
  2327 | D:3      | Found a shattered altar of Ashenzari.
  2327 | D:3      | Found a glowing golden altar of the Shining One.
  2331 | D:3      | Found a snail-covered altar of Cheibriados.
  2413 | D:3      | Found a basalt altar of Yredelemnul.
  2437 | D:3      | Found an opulent altar of Gozag.
  2534 | D:4      | Noticed an ogre
  2540 | D:4      | Killed an ogre
  2540 | D:4      | Reached XP level 5. HP: 11/41 MP: 5/5
  2813 | D:3      | Reached XP level 6. HP: 44/47 MP: 6/6
  2928 | D:4      | Reached skill level 5 in Maces & Flails
  3031 | D:4      | Got an encrusted short sword
  3032 | D:4      | Identified the +7 short sword "Dokas" {freeze, rElec Str+4} (You found it on level 4 of the Dungeon)
  3075 | D:3      | Became a worshipper of Gozag Ym Sagoz the Greedy
  3207 | D:4      | Reached skill level 1 in Short Blades
  3374 | D:2      | Killed Sigmund
  3374 | D:2      | Reached skill level 3 in Short Blades
  3374 | D:2      | Reached XP level 7. HP: 52/52 MP: 7/7
  3939 | D:3      | Noticed Hasart's ghost (amateur HaAK)
  3972 | D:3      | Killed Hasart's ghost
  3972 | D:3      | Reached skill level 4 in Short Blades
  4001 | D:3      | Found a radiant altar of Vehumet.
  4360 | D:3      | Found a white marble altar of Elyvilon.
  4546 | D:5      | Entered Level 5 of the Dungeon
  4553 | D:5      | Reached skill level 5 in Short Blades
  4645 | D:5      | Found a staircase to the Ecumenical Temple.
  4679 | D:5      | Found a shimmering altar of Xom.
  4726 | D:5      | Reached XP level 8. HP: 46/58 MP: 8/8
  4980 | D:5      | Reached skill level 6 in Short Blades
  5007 | D:5      | Found a radiant altar of Vehumet.
  5410 | D:6      | Noticed a dagger
  5411 | D:6      | Noticed a dagger
  5413 | D:6      | Found a hide-covered altar of Uskayaw.
  5430 | D:6      | Found a sand-covered staircase.
  5448 | Ossuary  | Entered an ossuary
  5667 | Ossuary  | Reached skill level 1 in Dodging
  7125 | D:7      | Found an ancient bone altar of Kikubaaqudgha.
  7169 | D:7      | Reached XP level 9. HP: 25/65 MP: 9/9
  7179 | D:7      | Slain by an orc warrior

Vault maps used:
D:1:      matt_arrival_debris, serial_forest, infiniplex_forest_lined_corner,
          infiniplex_forest_lined_corner, infiniplex_forest_corner_1,
          infiniplex_forest_end_2, infiniplex_forest_lined_corner,
          infiniplex_forest_clump_tiny, infiniplex_forest_straight_4,
          dk_noncrumbling_3
D:2:      nemelex_xobeh_ov_fountains_minmay, uniq_sigmund, uniq_robin
D:3:      nicolae_overflow_hidden_temple, lemuel_coloured_pillars_altar,
          vehumet_crystals, first_bread, grunt_decor_one_mirror
D:5:      kennysheep_little_box, minmay_temple_entry_mist, basic_altar,
          serial_glass, glass_columns_b, glass_columns_a
D:6:      dancing_weapons_uskayaw, gup_ossuary_entry_pyramid
D:7:      kiku_gazebo_garden_becter, grunt_ogre_cave
Ossuary:  ossuary_due_mausoleum

Skill      XL: |  1  2  3  4  5  6  7  8 |
---------------+-------------------------+-----
Maces & Flails | 2 3 4 5 |  5.1
Throwing       | 1 2 |  2.2
Short Blades   | 3 5 6 |  6.5
Dodging        | 2 |  2.0
Armour         | 3 |  3.3
Shields        | 3 |  3.2
Fighting       | 4 |  4.1

Action                   |  1- 3 |  4- 6 |  7- 9 || total
-------------------------+-------+-------+-------++-------
Melee: Flail             |   125 |    97 |       ||   222
       Short sword       |       |    33 |   277 ||   310
Throw: Javelin           |       |     2 |     3 ||     5
Invok: Potion Petition   |       |       |     1 ||     1
       Call Merchant     |       |       |     1 ||     1
  Use: Scroll            |       |     3 |     6 ||     9
 Stab: Invisible         |       |       |     1 ||     1
Armor: Scale mail        |    35 |    57 |       ||    92
       Chain mail        |       |    12 |    69 ||    81
       Plate armour      |       |       |     7 ||     7
Dodge: Dodged            |    37 |    44 |    52 ||   133
Block: Shield            |    59 |    60 |   113 ||   232

Table legend:
 A = Spawn XP
 B = Non-spawn XP
 C = Spawn XP percentage of total XP
 D = Spawn monster count
 E = Non-spawn monster count
 F = Spawn count percentage of total count
 G = Total turns spent on level
                    A         B        C        D         E        F      G
               +---------+---------+-------+---------+---------+-------+---------
         Total |       0 |    2838 |   0.0 |       0 |     143 |   0.0 |  7179
               +---------+---------+-------+---------+---------+-------+---------
           D:1 |       0 |      24 |   0.0 |       0 |      13 |   0.0 |  1080
           D:2 |       0 |     324 |   0.0 |       0 |      30 |   0.0 |  1193
           D:3 |       0 |     471 |   0.0 |       0 |      27 |   0.0 |  1316
           D:4 |       0 |     442 |   0.0 |       0 |      10 |   0.0 |   957
           D:5 |       0 |     544 |   0.0 |       0 |      16 |   0.0 |   855
           D:6 |       0 |     570 |   0.0 |       0 |      16 |   0.0 |  1265
           D:7 |       0 |     211 |   0.0 |       0 |       4 |   0.0 |   124
       Ossuary |       0 |     252 |   0.0 |       0 |      27 |   0.0 |   389
               +---------+---------+-------+---------+---------+-------+---------
